 Dungeon Crawl Stone Soup version 0.30.0-19-g36f170ea60 (webtiles) character file.

Game seed: 14458879099570954270

4789 javelincjr the Caller (level 10, -3/82 HPs)
             Began as a Demigod Summoner on May 29, 2023.
             Killed from afar by a steam dragon (24 damage)
             ... with a ball of steam
             ... on level 8 of the Dungeon on May 30, 2023.
             The game lasted 00:51:08 (8740 turns).

javelincjr the Caller (Demigod Summoner)            Turns: 8740, Time: 00:51:09

Health: -3/82      AC:  7    Str: 15    XL:     10   Next: 4%
Magic:  19/22      EV: 14    Int: 33    God:
Gold:   899        SH:  0    Dex: 22    Spells: 10/20 levels left

rFire   x x .        L - +2 halberd
rCold   + . .        (shield currently unavailable)
rNeg    . . .        o - +0 ring mail of Koyhumya {Dex+4}
rPois   .            (no helmet)
rElec   .            (no cloak)
rCorr   .            S - +0 pair of gloves
SInv    .            (no boots)
Will    +....        (no amulet)
Stlth   +++          r - ring "Waelaj" {rF- Str+6 Int+4 Dex+4}
HPRegen 0.33/turn    H - ring of ice
MPRegen 0.18/turn

%: no passive effects
@: no status effects
A: high MP 1, forlorn, divine attributes
a: no special abilities


You were on level 8 of the Dungeon.
You visited 1 branch of the dungeon, and saw 8 of its levels.
You also visited: Ossuary.

You collected 968 gold pieces.
You spent 69 gold pieces at shops.

Inventory:

Hand Weapons
 f - a +1 dagger of venom
 i - a +0 hand axe of flaming
 A - a +1 whip of chaos
 C - a +1 rapier of venom
 D - a +0 short sword of distortion
 K - the +1 falchion of Kismet {speed, rN+++ Will+ rCorr Dex-4}
   (You found it on level 6 of the Dungeon)

   Dex:       It affects your dexterity (-4).
   rN:        It renders you almost immune to negative energy.
   rCorr:     It protects you from acid and corrosion.
   Will:      It increases your willpower.
 L - a +2 halberd (weapon)
 M - a +5 dagger
 T - a +0 dagger of distortion
 W - a +3 short sword of holy wrath
Missiles
 t - 5 boomerangs
 E - 8 curare-tipped darts
Armour
 a - a +0 robe
 c - an orb of mayhem
 o - the +0 ring mail of Koyhumya (worn) {Dex+4}
   (You found it on level 2 of the Dungeon)

   Dex:       It affects your dexterity (+4).
 z - the +1 ring mail of Repulsion {-Tele rPois rF+}
   (You found it on level 3 of the Dungeon)

   rF:        It protects you from fire.
   rPois:     It protects you from poison.
   -Tele:     It prevents most forms of teleportation.
 O - +0 steam dragon scales
 S - a +0 pair of gloves (worn)
Jewellery
 r - the ring "Waelaj" (left hand) {rF- Str+6 Int+4 Dex+4}
   (You found it on level 3 of the Dungeon)

   [ring of strength]

   Str:       It affects your strength (+6).
   Int:       It affects your intelligence (+4).
   Dex:       It affects your dexterity (+4).
   rF:        It makes you vulnerable to fire.
 H - a ring of ice (right hand)
Wands
 l - a wand of polymorph (11)
 q - a wand of mindburst (15)
 I - a wand of flame (24)
 N - a wand of acid (13)
Scrolls
 d - 5 scrolls of teleportation
 e - a scroll of brand weapon {unknown}
 k - 3 scrolls of noise
 p - 2 scrolls of enchant weapon {unknown}
 s - 3 scrolls of amnesia {unknown}
 x - 3 scrolls of immolation {unknown}
 y - a scroll of enchant armour {unknown}
 B - a scroll of acquirement {unknown}
 G - 3 scrolls of vulnerability {unknown}
 P - a scroll of torment {unknown}
 Q - a scroll of poison {unknown}
 R - a scroll of fog {unknown}
Potions
 b - 2 potions of magic
 g - 4 potions of degeneration
 h - 7 potions of curing
 j - 2 potions of ambrosia
 m - 3 potions of might
 n - 3 potions of brilliance {unknown}
 u - 2 potions of berserk rage {unknown}
 v - 3 potions of heal wounds
 w - 3 potions of haste
 F - 2 potions of flight {unknown}
 J - 3 potions of attraction {unknown}
 U - a potion of resistance {unknown}
 V - a potion of lignification {unknown}


   Skills:
 + Level 5.6 Fighting
 + Level 4.7 Armour
 + Level 6.0 Dodging
 + Level 6.5 Stealth
 + Level 5.5 Spellcasting
 + Level 6.8 Summonings


You had 10 spell levels left.
You knew the following spells:

 Your Spells              Type           Power      Damage    Failure   Level
a - Summon Small Mammal   Summ           100%       N/A       1%          1
b - Call Imp              Summ           100%       N/A       1%          2
c - Call Canine Familiar  Summ           52%        N/A       1%          3
d - Summon Lightning Spi  Summ/Air       31%        N/A       21%         4

Your spell library contained the following spells:

 Spells                   Type           Power      Damage    Failure   Level
 Summon Guardian Golem    Hex/Summ       31%        N/A       6%          3
 Apportation              Tloc           18%        N/A       9%          1
 Necrotise                Necr           36%        1d5       9%          1


Dungeon Overview and Level Annotations

Branches:
Dungeon (8/15)             Temple (0/1) D:7         Ossuary (visited)
   Lair: D:8-11

Shops:
D:2 *   D:7 [


Innate Abilities, Weirdness & Mutations

You have an increased reservoir of magic. (+10% MP)
You shall have no god before yourself.
Your divine heritage dramatically boosts your attributes as you level up.


Message History

Your cerulean imp hits the steam dragon with a +1 spear.
The steam dragon bites your cerulean imp.
The steam dragon barely misses your cerulean imp.
Your cerulean imp hits the steam dragon but does no damage.
Your cerulean imp barely misses the steam dragon.
The steam dragon breathes steam at you.
The ball of steam hits your cerulean imp!
The ball of steam hits you!! The steam scalds you terribly!
You are too injured to fight recklessly!
You are too injured to fight recklessly!
Something bites your cerulean imp but does no damage.
Something claws your cerulean imp but does no damage.
Your cerulean imp is engulfed in a cloud of scalding steam.
Your cerulean imp dies!
Your cerulean imp disappears in a puff of smoke!
Items here: (( ))) ††.
Casting: Call Imp (safe; 1% risk of failure)
Confirm with . or Enter, or press ? or * to list all spells.
The steam dragon breathes steam at you. The ball of steam misses your wolf.
The ball of steam hits you! The steam scalds you terribly!
* * * LOW HITPOINT WARNING * * *
Your wolf is engulfed in a cloud of scalding steam.
What are your orders? t - Shout!
Orders for allies: a - Attack new target. r - Retreat! s - Stop attacking. g - Guard the area. f - Follow me.
Anything else - Cancel.
Gang up on whom?
Press: ? - help, Dir - move target, f - steam dragon
Aim: a steam dragon (lightly wounded, catching its breath) Attack!
The steam dragon bites your wolf.
The steam dragon barely misses your wolf.
Your wolf bites the steam dragon but does no damage.
Your wolf bites the steam dragon!
The steam dragon breathes steam at you. The ball of steam misses your wolf.
The ball of steam hits you!! The steam scalds you terribly!
You die...

#.......# #
#.###...# ##.#
#..## #.. #
#.###..# ..#
##.# .###......#
.....###.#
#.######.##
........§# #.#
#.# .....###.##
##.######.# ..#
##§###§@.......#
##Dh§##########
#####


There were no monsters in sight!

Vanquished Creatures
  A water moccasin (D:6)
  2 centaurs
  2 kobold brigands
  A scorpion (D:6)
  2 water moccasin zombies (Ossuary)
  2 killer bees (D:7)
  3 iguanas
  2 orc wizards
  6 adders
  2 adder zombies (Ossuary)
  2 worms
  2 dart slugs (D:1)
  4 orcs
  3 ball pythons
  2 bats
  6 endoplasms
  5 goblins
  A hobgoblin (D:4)
  2 jackals (D:3)
  7 kobolds
  2 frilled lizards
  A gnoll zombie (Ossuary)
  2 kobold zombies (Ossuary)
  3 orc zombies (Ossuary)
  A rat (D:3)
66 creatures vanquished.

Vanquished Creatures (collateral kills)
  A boulder beetle (D:7)
  An unseen horror (D:6)
  Psyche (D:8)
  Sigmund (D:2)
  A steam dragon (D:7)
  A water moccasin (D:4)
  An orc warrior (D:6)
  A sky beast (D:7)
  2 ice beasts
  2 black bears
  2 ogres
  A centaur (D:6)
  2 kobold brigands
  The ghost of cheesebisquit the Digger, an amateur GrEE (D:3)
  4 water moccasin zombies (Ossuary)
  2 scorpions
  5 wights (D:6)
  4 killer bees (D:7)
  3 orc priests
  A jelly (D:5)
  A gnoll bouda (D:7)
  A hound (D:5)
  A sleepcap (D:4)
  4 iguanas
  4 orc wizards
  3 mummies
  6 gnolls
  4 adders
  3 adder zombies (Ossuary)
  A worm (D:3)
  2 dart slugs
  18 orcs
  7 ball pythons
  5 endoplasms
  5 giant cockroaches
  7 goblins
  5 hobgoblins
  A jackal (D:4)
  11 kobolds
  3 quokkas
  2 bats
  A frilled lizard (D:1)
  5 gnoll zombies (Ossuary)
  2 hobgoblin zombies (Ossuary)
  3 kobold zombies (Ossuary)
  5 orc zombies (Ossuary)
  A rat (D:3)
148 creatures vanquished.

Grand Total: 214 creatures vanquished

Notes
Turn   | Place    | Note
-------+----------+-------------------------------------------
     0 | D:1      | javelincjr the Demigod Summoner began the quest for the
                  | Orb.
     0 | D:1      | Reached XP level 1. HP: 14/14 MP: 5/5
   350 | D:1      | Reached XP level 2. HP: 18/20 MP: 4/7
  1149 | D:2      | Found Urchul's Assorted Antiques.
  1158 | D:2      | Bought a scroll labelled LULYGO BEZEZ for 24 gold pieces
  1158 | D:2      | Bought an emerald potion for 21 gold pieces
  1158 | D:2      | Bought a scroll labelled SUWKOY LITYLLI for 24 gold pieces
  1177 | D:2      | Identified the +0 ring mail of Koyhumya {Dex+4}
  1325 | D:2      | Noticed Sigmund
  1330 | D:2      | Learned a level 2 spell: Call Imp
  1343 | D:2      | Killed Sigmund
  1344 | D:2      | Reached skill level 1 in Fighting
  1344 | D:2      | Reached XP level 3. HP: 29/29 MP: 4/9
  1344 | D:2      | Reached XP level 4. HP: 36/36 MP: 4/10
  1344 | D:2      | Reached XP level 5. HP: 41/41 MP: 4/11
  1348 | D:2      | Learned a level 3 spell: Call Canine Familiar
  1910 | D:3      | Found a runed translucent gate.
  1911 | D:3      | Found a runed translucent gate.
  1912 | D:3      | Found a runed translucent gate.
  1912 | D:3      | Noticed cheesebisquit's ghost (amateur GrEE)
  2121 | D:3      | Noticed a centaur
  2229 | D:3      | Killed a centaur
  2230 | D:3      | Reached XP level 6. HP: 28/48 MP: 2/13
  2308 | D:3      | Identified the ring "Waelaj" {rF- Str+6 Int+4 Dex+4}
  2855 | D:3      | Identified the +1 ring mail of Repulsion {-Tele rPois rF+}
  3285 | D:3      | Killed cheesebisquit's ghost
  3543 | D:4      | Reached XP level 7. HP: 56/56 MP: 15/15
  3925 | D:4      | Reached skill level 1 in Armour
  3925 | D:4      | Reached skill level 5 in Summonings
  4540 | D:5      | Entered Level 5 of the Dungeon
  4851 | D:5      | Reached XP level 8. HP: 43/63 MP: 11/17
  4952 | D:5      | Found a transporter.
  5057 | D:5      | Found a transporter.
  5752 | D:6      | Reached skill level 5 in Stealth
  6451 | D:6      | Identified the +1 falchion of Kismet {speed, rN+++ Will+
                  | rCorr Dex-4}
  6654 | D:6      | Reached skill level 5 in Dodging
  6713 | D:6      | Reached XP level 9. HP: 72/72 MP: 14/19
  6763 | D:6      | Killed an unseen horror
  6959 | D:7      | Found a staircase to the Ecumenical Temple.
  6971 | D:7      | Noticed a boulder beetle
  7139 | D:7      | Found Atatoq's Antique Armour Emporium.
  7214 | D:7      | Reached skill level 5 in Fighting
  7214 | D:7      | Reached skill level 5 in Spellcasting
  7308 | D:7      | Found a sand-covered staircase.
  7315 | Ossuary  | Entered an ossuary
  7524 | D:7      | Learned a level 4 spell: Summon Lightning Spire
  7650 | D:7      | Killed a boulder beetle
  8503 | D:8      | Noticed Psyche
  8511 | D:8      | Killed Psyche
  8512 | D:8      | Reached XP level 10. HP: 81/81 MP: 17/22
  8740 | D:8      | Killed from afar by a steam dragon

Illustrated notes

Levels and vault maps discovered:
D:1:      lemuel_arrival_funnel, layout_basic, chequers_serial_rivers_marsh
D:2:      cheibrodos_helix_gallery, layout_loops_ring, serial_shops, shop,
          uniq_sigmund
D:3:      layout_loops_ring, mainiacjoe_overflow_six_doors_small,
          gammafunk_ghost_nasty_kobolds, minmay_joined_circles
D:4:      minmay_polygon_palace, layout_loops_ring
D:5:      gammafunk_wand_slinger, layout_rooms
D:6:      layout_loops_cross
D:7:      layout_basic, mainiacjoe_overflow_alcove_2,
          minmay_temple_entry_slanted, serial_shops, shop,
          gup_ossuary_entry_pyramid, wad_floor_pattern_untrapped
D:8:      minmay_chambers_of_fours, layout_loops_corners, uniq_psyche

Skill      XL: |  1  2  3  4  5  6  7  8  9 |
---------------+----------------------------+-----
Stealth        | 2 3 4 5 6 |  6.5
Dodging        | 2 3 4 5 6 |  6.0
Spellcasting   | 2 3 4 5 |  5.5
Fighting       | 1 2 3 4 5 |  5.6
Summonings     | 4 5 6 |  6.8
Armour         | 2 3 4 |  4.7

Action                     |  1- 3 |  4- 6 |  7- 9 | 10-12 || total
---------------------------+-------+-------+-------+-------++-------
  Melee: Unarmed           |    12 |       |       |       ||    12
         Dagger            |    24 |    92 |       |       ||   116
         Punch             |     1 |       |     1 |       ||     2
         Whip              |       |       |    85 |       ||    85
         Falchion          |       |       |     8 |       ||     8
         Halberd           |       |       |    71 |       ||    71
   Cast: Summon Small Mamm |    32 |    25 |    55 |       ||   112
         Call Imp          |     1 |    13 |    28 |     3 ||    45
         Call Canine Famil |       |     8 |    45 |     2 ||    55
         Summon Lightning  |       |       |     2 |       ||     2
    Use: Potion            |       |     1 |       |       ||     1
         Scroll            |       |       |     6 |       ||     6
   Stab: Distracted        |     1 |       |     2 |       ||     3
         Sleeping          |       |     2 |     6 |       ||     8
         Paralysed         |       |       |     1 |       ||     1
 Armour: Robe              |     8 |       |       |       ||     8
         Ring mail         |       |    18 |    44 |       ||    62
  Dodge: Dodged            |    17 |    56 |   135 |       ||   208
